 Dungeon Crawl Stone Soup version 0.26.0-10-g1f06aea511 (webtiles) character file.

Game seed: 13260289708120592682

107 Borgoz the Ducker (level 4, 0/38 HPs)
             Began as a Ghoul Gladiator on Jan 15, 2021.
             Slain by a ball python (1 damage)
             ... on level 3 of the Dungeon.
             The game lasted 00:02:10 (1982 turns).

Borgoz the Ducker (Ghoul Gladiator)                 Turns: 1982, Time: 00:02:11

Health: 0/38       AC:  4    Str: 17    XL:     4   Next: 86%
Magic:  3/3        EV: 10    Int:  3    God:
Gold:   111        SH:  0    Dex: 11    Spells: 3/3 levels left

rFire    . . .     SeeInvis .     - Unarmed
rCold    + . .     Faith    .   (no shield)
rNeg     + + +     Spirit   .   a - +0 leather armour
rPois    ∞         Reflect  .   b - +0 helmet
rElec    .         Harm     .   (no cloak)
rCorr    .         Rampage  .   (no gloves)
Will     .....                  (no boots)
Stlth    +.........             (no amulet)
HPRegen  0.00/turn              (no ring)
MPRegen  0.08/turn              (no ring)

@: constricted
A: claws 1, cold resistance 1, negative energy resistance 3, inhibited
regeneration, torment resistance, unbreathing
a: no special abilities


You were on level 3 of the Dungeon.
You visited 1 branch of the dungeon, and saw 3 of its levels.

You collected 111 gold pieces.

Inventory:

Missiles
 c - 3 throwing nets (quivered)
Armour
 a - a +0 leather armour (worn)
 b - a +0 helmet (worn)
Scrolls
 f - 3 scrolls of teleportation {unknown}
 g - a scroll of fog {unknown}
 h - a scroll of immolation {unknown}
 i - a scroll of identify {unknown}
 j - a scroll of remove curse {unknown}
 k - a scroll of magic mapping {unknown}
Potions
 d - a potion of invisibility {unknown}
 e - 3 potions of curing {unknown}
 l - a potion of heal wounds {unknown}


   Skills:
 + Level 3.4 Fighting
 - Level 1.8 Throwing
 + Level 1.9 Armour
 + Level 3.5 Dodging
 - Level 3.4 Unarmed Combat


You had 3 spell levels left.
You didn't know any spells.
Your spell library was empty.

Dungeon Overview and Level Annotations

Branches:
Dungeon (3/15)

Altars:
Okawaru
Uskayaw


Innate Abilities, Weirdness & Mutations

You thrive by killing the living.
You are immune to poison.
You have sharp fingernails.
Your flesh is cold resistant. (rC+)
You are immune to negative energy. (rN+++)
You do not regenerate when monsters are visible.
You are immune to unholy pain and torment.
You can survive without breathing.


Message History

The bat barely misses you.
The centaur unwields a +0 shortbow.
The centaur hits you.
* * * LOW HITPOINT WARNING * * *
The ball python closely misses you. The ball python grabs you.
The ball python constricts you.
There is an open door here.
You see here an arrow.
You closely miss the ball python. The centaur hits you.
* * * LOW HITPOINT WARNING * * *
The ball python bites you.
* * * LOW HITPOINT WARNING * * *
x2 The ball python constricts you.
The centaur hits you.
* * * LOW HITPOINT WARNING * * *
The ball python barely misses you. The ball python constricts you.
The bat hits you but does no damage.
You are too injured to fight recklessly!
You barely miss the ball python. The bat hits you but does no damage.
The centaur closely misses you. The ball python bites you.
* * * LOW HITPOINT WARNING * * *
You die...

#.............###
#........######
#........#
########.# #.#
#.##### #...(.#
#####.# #@#
#..b.Sc......
#............
#............
#............
#....(.......
#.........[..
#####.#######


You could see a centaur, a bat and a ball python.

Vanquished Creatures
  Terence (D:2)
  4 adders (D:2)
  3 worms (D:2)
  2 dart slugs (D:1)
  A leopard gecko (D:2)
  4 giant cockroaches
  5 goblins
  5 hobgoblins
  3 kobolds
  4 frilled lizards (D:2)
  4 rats
36 creatures vanquished.

Notes
Turn   | Place    | Note
-------+----------+-------------------------------------------
     0 | D:1      | Borgoz the Ghoul Gladiator began the quest for the Orb.
     0 | D:1      | Reached XP level 1. HP: 17/17 MP: 0/0
    34 | D:1      | Reached XP level 2. HP: 25/25 MP: 1/1
   995 | D:2      | Reached skill level 1 in Armour
   995 | D:2      | Reached XP level 3. HP: 13/30 MP: 2/2
  1196 | D:2      | Noticed Terence
  1210 | D:2      | Killed Terence
  1211 | D:2      | Reached XP level 4. HP: 27/38 MP: 3/3
  1304 | D:2      | Found a hide-covered altar of Uskayaw.
  1667 | D:2      | Found an iron altar of Okawaru.
  1973 | D:3      | Noticed a centaur
  1982 | D:3      | HP: 1/38 [ball python (2)]
  1982 | D:3      | Slain by a ball python

Illustrated notes

Levels and vault maps discovered:
D:1:      dpeg_arrival_tiny_f, layout_basic, minmay_split_cup_small
D:2:      layout_loops_ring, overflow_temple_1_default,
          overflow_temple_1_default, minmay_stone_trees_small, uniq_terence
D:3:      layout_basic, biasface_ghost_orc_armoury

Skill      XL: |  1  2  3 |
---------------+----------+-----
Dodging        | 3 |  3.5
Armour         | 1 |  1.9
Fighting       | 3 |  3.4
Throwing       | |  1.8
Unarmed Combat | |  3.4

Action                   |  1- 3 |  4- 6 || total
-------------------------+-------+-------++-------
Melee: Unarmed           |    89 |    52 ||   141
       Punch             |     1 |     1 ||     2
Armor: Leather armour    |    14 |    15 ||    29
Dodge: Dodged            |    41 |    59 ||   100
